 Dungeon Crawl Stone Soup version 0.19-a0-1068-g99dd0f4 (webtiles) character file.

19 Kutasiarz the Digger (level 2, 0/15 HPs)
             Began as a Gargoyle Earth Elementalist on Aug 5, 2016.
             Slain by a ball python (2 damage)
             ... on level 1 of the Dungeon.
             The game lasted 00:01:40 (393 turns).

Kutasiarz the Digger (Gargoyle Earth Elementalist)   Turns: 393, Time: 00:01:41

Health: 0/15       AC:  4    Str: 11    XL:     2   Next: 75%
Magic:  3/5        EV:  9    Int: 15    God:
Gold:   53         SH:  0    Dex: 10    Spells: 1 memorised, 5 levels left

rFire  . . .     SeeInvis .     b - 17 stones
rCold  . . .     Gourm    .     c - +0 robe
rNeg   + . .     Faith    .     (no shield)
rPois  ∞         Spirit   .     (no helmet)
rElec  +         Dismiss  .     (no cloak)
rCorr  .         Reflect  .     (no gloves)
SustAt .         Harm     .     (no boots)
MR     .....                    (no amulet)
Stlth  ++........               (no ring)
                                (no ring)

@: constricted
A: negative energy resistance 1, electricity resistance, unbreathing,
petrification resistance, rot immunity, AC +2
a: no special abilities


You were on level 1 of the Dungeon.
You were not hungry.

You visited 1 branch of the dungeon, and saw 1 of its levels.

You collected 53 gold pieces.

Inventory:

Hand Weapons
 a - a +0 spear
 i - a +0 mace
Missiles
 b - 17 stones (in hand)
Armour
 c - a +0 robe (worn)
Scrolls
 g - a scroll of identify {unknown}
 h - a scroll of fog {unknown}
Books
 e - a book of Geomancy

   Spells                             Type                      Level
   a - Sandblast                      Earth                        1
   b - Passwall                       Transmutation/Earth          2
   c - Stone Arrow                    Conjuration/Earth            3
   d - Petrify                        Transmutation/Earth          4
   e - Lee's Rapid Deconstruction     Earth                        5
Comestibles
 d - a bread ration
 f - 2 chunks of flesh


   Skills:
 - Level 1.5 Dodging
 - Level 2.1 Stealth
 * Level 2.6 Spellcasting
   Level 0.7 Transmutations
 + Level 4.1 Earth Magic


You had 5 spell levels left.
You knew the following spells:

 Your Spells              Type           Power        Failure   Level  Hunger
a - Sandblast             Erth           ##....       4%          1    #......


Dungeon Overview and Level Annotations

Branches:
Dungeon (1/15)

Altars:


Innate Abilities, Weirdness & Mutations

You are resistant to torment.
Your stone body is resilient. (AC +2)
You are immune to poison.
You resist negative energy. (rN+)
You are resistant to electric shocks. (rElec)
You can survive without breathing.
You are immune to petrification.
You are immune to rotting.


Message History

The kobold misses you.
a - a +0 spear (weapon)
b - 19 stones (in hand)
The kobold barely misses you.
Casting: Sandblast
Confirm with . or Enter, or press ? or * to list all spells.
Aiming: Sandblast
Press: ? - help, Shift-Dir - straight line, f/p - ball python
Aim: a ball python The rocky blast hits the kobold.
You kill the kobold!
Casting: Sandblast
Confirm with . or Enter, or press ? or * to list all spells.
Aiming: Sandblast
Press: ? - help, Shift-Dir - straight line, f/p - ball python
Aim: a ball python The rocky blast misses the ball python.
The ball python barely misses you. The ball python grabs you.
The ball python constricts you. The ball python bites you.
You die...

####..................
######............. ..#.##.
#.......##.........##.#....
#####.......##...(.....+..#....
#...'.......##......... #......
#.###..........#...#### #.#....
#.#..........#.#...# #.##†#.
#.......([...#S#...# #......
###.#........#@#...# ##.....
#.#.####.#.#>#...# #.....#
#.#.# #.# #.##### #..#... ..#.#
#.. ..# #..##..
#######.########## #####..##.#
.........(....# #......##.#
#####.........# #.####.....
#.........# #.# #####.
#.........#########.# #.


You could see a ball python.

Vanquished Creatures
  A gnoll (D:1)
  A ball python (D:1)
  2 giant cockroaches (D:1)
  A goblin (D:1)
  2 giant newts (D:1)
  2 kobolds (D:1)
  A rat (D:1)
10 creatures vanquished.

Notes
Turn   | Place    | Note
-------+----------+-------------------------------------------
     0 | D:1      | Kutasiarz the Gargoyle Earth Elementalist began the quest for the Orb.
     0 | D:1      | Reached XP level 1. HP: 10/10 MP: 3/3
    27 | D:1      | Reached XP level 2. HP: 15/15 MP: 0/5
   208 | D:1      | Reached skill level 4 in Earth Magic
   393 | D:1      | Slain by a ball python

Vault maps used:
D:1:      eino_arrival_water_cross

Skill      XL: |  1  2 |
---------------+-------+-----
Earth Magic    | 4 |  4.1
Dodging        | |  1.5
Stealth        | |  2.1
Spellcasting   | |  2.6
Transmutations | |  0.7

Action                   || total
-------------------------++-------
Melee: Spear             ||    43
 Cast: Sandblast         ||     5
 Stab: Sleeping          ||     1
Armor: Robe              ||    13
Dodge: Dodged            ||    25
